 Dungeon Crawl Stone Soup version 0.30-a0-509-gd016549fea (webtiles) character file.

Game seed: 12489816788655364333

96 Jase the Vexing (level 4, -4/34 HPs)
             Began as a Gnoll Hexslinger on Dec 23, 2022.
             Was a Believer of Cheibriados.
             Slain by Natasha (6 damage)
             ... on level 2 of the Dungeon.
             The game lasted 00:04:50 (1054 turns).

Jase the Vexing (Gnoll Hexslinger)                  Turns: 1054, Time: 00:04:51

Health: -4/34      AC:  3    Str: 19    XL:     4   Next: 67%
Magic:  8/8        EV: 14    Int: 19    God:    Cheibriados [**....]
Gold:   47         SH:  0    Dex: 16    Spells: 8/9 levels left

rFire   . . .      SeeInvis .    a - +1 sling
rCold   . . .      Faith    .    (no shield)
rNeg    . . .      Spirit   .    c - +0 robe
rPois   .          Reflect  .    (no helmet)
rElec   .          Harm     .    (no cloak)
rCorr   .          Rampage  .    g - +0 pair of gloves
Will    .....                    (no boots)
Stlth   ++........               (no amulet)
HPRegen 0.25/turn                e - +6 ring of strength
MPRegen 0.11/turn                (no ring)

@: slowed, very slow
A: fangs 1, strong nose, distributed training
a: Renounce Religion, Bend Time


You were on level 2 of the Dungeon.
You worshipped Cheibriados.
Cheibriados was pleased with you.
You visited 1 branch of the dungeon, and saw 2 of its levels.

You collected 47 gold pieces.

Inventory:

Hand Weapons
 a - a +1 sling (weapon)
Armour
 c - a +0 robe (worn)
 g - a +0 pair of gloves (worn)
Jewellery
 e - a +6 ring of strength (left hand)
Scrolls
 b - a scroll of poison
 d - 2 scrolls of identify {unknown}
 f - a scroll of blinking {unknown}
 h - 2 scrolls of noise {unknown}
 l - a scroll of fog {unknown}
Potions
 i - a potion of haste {unknown}
 j - a potion of degeneration {unknown}
 k - a potion of mutation {unknown}
 m - a potion of curing


   Skills:
 + Level 2.8 Fighting
 + Level 1.2 Short Blades
 + Level 1.2 Long Blades
 + Level 1.2 Axes
 + Level 1.2 Maces & Flails
 + Level 1.2 Polearms
 + Level 1.2 Staves
 + Level 4.7 Ranged Weapons
 + Level 1.2 Throwing
 + Level 1.2 Armour
 + Level 4.7 Dodging
 + Level 1.2 Stealth
 + Level 1.2 Shields
 + Level 1.2 Unarmed Combat
 + Level 3.0 Spellcasting
 + Level 1.0 Conjurations
 + Level 5.5 Hexes
 + Level 1.0 Summonings
 + Level 1.0 Necromancy
 + Level 1.0 Translocations
 + Level 1.0 Transmutations
 + Level 1.0 Fire Magic
 + Level 1.0 Ice Magic
 + Level 1.0 Air Magic
 + Level 1.0 Earth Magic
 + Level 1.0 Poison Magic
 + Level 1.4 Invocations
 + Level 1.2 Evocations


You had 8 spell levels left.
You knew the following spells:

 Your Spells              Type           Power      Damage    Failure   Level
a - Slow                  Hex            92%        N/A       1%          1

Your spell library contained the following spells:

 Spells                   Type           Power      Damage    Failure   Level
 Inner Flame              Hex/Fire       15%        N/A       12%         3
 Portal Projectile        Hex/Tloc       30%        N/A       12%         3
 Cause Fear               Hex            11%        N/A       16%         4


Dungeon Overview and Level Annotations

Branches:
Dungeon (2/15)

Altars:
Cheibriados

Shops:
D:1 !   D:2 [=

Annotations:
D:2 Natasha


Innate Abilities, Weirdness & Mutations

You have very sharp teeth.
Your uncanny sense of smell can sniff out nearby items.
Your experience applies equally to all skills.


Message History

You shoot a sling bullet.
Natasha hisses angrily.
The sling bullet hits Natasha.
Natasha is moderately wounded.
Natasha growls.
You shoot a sling bullet.
The sling bullet closely misses Natasha.
Natasha closely misses you. Natasha casts a spell at you.
The magic dart hits you!
You are too injured to fight recklessly!
You are too injured to fight recklessly!
You are too injured to fight recklessly!
You are too injured to fight recklessly!
Fire: a) +1 sling
Press: ? - help, Q - select action, (/) - cycle Shift-Dir - straight line, f/p - Natasha
Aim: Natasha, carrying a wand of polymorph (4) (moderately wounded, 55% to hit)
You shoot a sling bullet.
The sling bullet closely misses Natasha.
Natasha howls an incantation.
Natasha shimmers violently.
Natasha claws you but does no damage. Natasha claws you.
* * * LOW HITPOINT WARNING * * *
Fire: a) +1 sling
Press: ? - help, Q - select action, (/) - cycle Shift-Dir - straight line, f/p - Natasha
Aim: Natasha, carrying a wand of polymorph (4) (moderately wounded, 55% to hit)
You shoot a sling bullet. The sling bullet hits Natasha.
Natasha is heavily wounded.
Natasha claws you!
* * * LOW HITPOINT WARNING * * *
Fire: a) +1 sling
Press: ? - help, Q - select action, (/) - cycle Shift-Dir - straight line, f/p - Natasha
Aim: Natasha, carrying a wand of polymorph (4) (moderately wounded, 55% to hit)
You shoot a sling bullet. The sling bullet hits Natasha.
Natasha is heavily wounded.
Natasha mumbles some strange words.
Natasha shimmers violently.
Natasha casts a spell.
Natasha claws you.
You die...

#[# #.#..................#
#.# #.#
#.############...##..# #.#
..# #[# #h..##..# #.# ####
#.# #.......# #.# #.#
#.#.###.# ##.## #.# #.#.#
#.###...# #.# #.#.#
#<##.#)#. #.############.#.#
#........ #..........@h....#
####.#.#.
##############5............#
############.## ###


You could see Natasha and a shadow imp (summoned).

Vanquished Creatures
  Natasha (twice) (D:2)
  An adder (D:1)
  A worm (D:2)
  A dart slug (D:2)
  5 endoplasms
  5 goblins
  3 hobgoblins
  A quokka (D:2)
  A ball python (D:2)
  6 bats
  6 frilled lizards
  4 kobolds
  A rat (D:1)
37 creatures vanquished.

Vanquished Creatures (others)
  2 plants (D:1)
2 creatures vanquished.

Grand Total: 39 creatures vanquished

Notes
Turn   | Place    | Note
-------+----------+-------------------------------------------
     0 | D:1      | Jase the Gnoll Hexslinger began the quest for the Orb.
     0 | D:1      | Reached XP level 1. HP: 17/17 MP: 4/4
   192 | D:1      | Found Xetuke Pidgh's Distillery.
   200 | D:1      | Reached XP level 2. HP: 23/23 MP: 5/5
   267 | D:1      | Found a faded altar of an unknown god.
   285 | D:1      | Prayed at the altar of an unknown god.
   285 | D:1      | Became a worshipper of Cheibriados the Contemplative
   285 | D:1      | Reached * piety under Cheibriados
   648 | D:1      | Reached XP level 3. HP: 25/28 MP: 7/7
   720 | D:2      | Reached skill level 1 in Invocations
   772 | D:2      | Found Atecs's Jewellery Shoppe.
   824 | D:2      | Found Desopas's Antique Armour Boutique.
   846 | D:2      | Reached skill level 1 in Short Blades
   846 | D:2      | Reached skill level 1 in Long Blades
   846 | D:2      | Reached skill level 1 in Axes
   846 | D:2      | Reached skill level 1 in Maces & Flails
   846 | D:2      | Reached skill level 1 in Polearms
   846 | D:2      | Reached skill level 1 in Staves
   846 | D:2      | Reached skill level 1 in Throwing
   846 | D:2      | Reached skill level 1 in Armour
   846 | D:2      | Reached skill level 1 in Stealth
   846 | D:2      | Reached skill level 1 in Shields
   846 | D:2      | Reached skill level 1 in Unarmed Combat
   846 | D:2      | Reached skill level 1 in Evocations
   859 | D:2      | Noticed Natasha
   909 | D:2      | Killed Natasha
   910 | D:2      | Reached XP level 4. HP: 19/34 MP: 8/8
   981 | D:2      | Reached ** piety under Cheibriados
  1021 | D:2      | Noticed Natasha
  1032 | D:2      | Killed Natasha
  1033 | D:2      | Reached skill level 1 in Conjurations
  1033 | D:2      | Reached skill level 1 in Summonings
  1033 | D:2      | Reached skill level 1 in Necromancy
  1033 | D:2      | Reached skill level 1 in Translocations
  1033 | D:2      | Reached skill level 1 in Transmutations
  1033 | D:2      | Reached skill level 1 in Fire Magic
  1033 | D:2      | Reached skill level 1 in Ice Magic
  1033 | D:2      | Reached skill level 1 in Air Magic
  1033 | D:2      | Reached skill level 1 in Earth Magic
  1033 | D:2      | Reached skill level 1 in Poison Magic
  1047 | D:2      | Noticed Natasha
  1054 | D:2      | Slain by Natasha

Illustrated notes

Levels and vault maps discovered:
D:1:      sevenhm_arrival_forest_fort_large_2, layout_basic,
          chequers_ecumenical_altar_lobes, serial_shops,
          nicolae_shop_hallway_stairs
D:2:      layout_loops_ring, serial_shops, shop, shop_statue, shop_fountains,
          uniq_natasha

Skill      XL: |  1  2  3  4 |
---------------+-------------+-----
Invocations    | 1 |  1.4
Short Blades   | 1 |  1.2
Long Blades    | 1 |  1.2
Axes           | 1 |  1.2
Maces & Flails | 1 |  1.2
Polearms       | 1 |  1.2
Staves         | 1 |  1.2
Throwing       | 1 |  1.2
Armour         | 1 |  1.2
Stealth        | 1 |  1.2
Shields        | 1 |  1.2
Unarmed Combat | 1 |  1.2
Evocations     | 1 |  1.2
Spellcasting   | 3 |  3.0
Conjurations   | 1 |  1.0
Summonings     | 1 |  1.0
Necromancy     | 1 |  1.0
Translocations | 1 |  1.0
Transmutations | 1 |  1.0
Fire Magic     | 1 |  1.0
Ice Magic      | 1 |  1.0
Air Magic      | 1 |  1.0
Earth Magic    | 1 |  1.0
Poison Magic   | 1 |  1.0
Fighting       | |  2.8
Ranged Weapons | |  4.7
Dodging        | |  4.7
Hexes          | |  5.5

Action                   |  1- 3 |  4- 6 || total
-------------------------+-------+-------++-------
Melee: Unarmed           |       |     8 ||     8
 Fire: Sling             |   121 |    12 ||   133
Armor: Robe              |    11 |     2 ||    13
       Skin              |    12 |       ||    12
Dodge: Dodged            |    34 |     6 ||    40

Table legend: (Time is in decaauts)
 A = Elapsed time spent in this place.
 B = Non-inter-level travel time spent in this place.
 C = Inter-level travel time spent in this place.
 D = Time resting spent in this place.
 E = Time spent auto-exploring this place.
 F = Levels seen in this place.
 G = Mean time per level.
                   A        B        C        D        E       F      G
               +--------+--------+--------+--------+--------+-----+--------+
         Total |   1291 |   1190 |    101 |    105 |    784 |   2 |  645.5 |
       Dungeon |   1291 |   1190 |    101 |    105 |    784 |   2 |  645.5 |
               +--------+--------+--------+--------+--------+-----+--------+

Top non-repeatable levels by time:
     D:1: 848 daAuts
     D:2: 443 daAuts
